[ AOE2 MATCH · #504614669 ]
UnrankedMongols vs Persians
Player's team · LOSS
Rival team · WIN
[ REPLAY ANALYSIS · EXTRACTED FROM THE RECORDED GAME ]
Feudal
8:08
Castle
23:24
Imperial
—
| APM avg | 52.1 |
| APM peak | 80 |
| eAPM avg | 27.6 |
| Villagers / military | 84 / 47 |
Focus
⚔️ 36.1% · 🌾 63.9%
Scout Cavalry ×18 · Camel Scout ×12 · Monk ×4 · Skirmisher ×4 · Scorpion ×2 · Spearman ×2
Feudal
8:49
Castle
22:59
Imperial
—
| APM avg | 82.3 |
| APM peak | 110 |
| eAPM avg | 29.2 |
| Villagers / military | 105 / 77 |
Focus
⚔️ 27.7% · 🌾 72.3%
Spearman ×37 · Knight ×22 · Scout Cavalry ×10 · Skirmisher ×5 · Monk ×3
Match map
Initial resources + every placement click. Lines = walls · curves = elevation contours. ◆ gold · ⬟ stone · ● berries · ✦ relic · ◌ wall gap
Your base· ✓ Closed at 23:24 · 49t walls · 4 gate(s)
Monkey King's base· ✓ Closed at 22:59 · 30t walls · 1 gate(s)
Smoothed initial terrain · ◌ = detected wall gap · hover for details
Inputs per minute
— HellionBlue - - Monkey King
Build order — HellionBlue
First 150 of 241 actions detected
| 0:02 | Queue | Villager (Male) |
| 0:02 | Queue | Villager (Male) |
| 0:05 | Build | House |
| 0:07 | Build | House |
| 0:07 | Queue | Villager (Male) |
| 0:08 | Queue | Villager (Male) |
| 0:08 | Queue | Villager (Male) |
| 1:36 | Queue | Villager (Male) |
| 2:04 | Queue | Villager (Male) |
| 2:14 | Build | Lumber Camp |
| 2:30 | Queue | Villager (Male) |
| 2:30 | Queue | Villager (Male) |
| 2:38 | Build | House |
| 2:55 | Queue | Villager (Male) |
| 2:55 | Queue | Villager (Male) |
| 2:55 | Queue | Villager (Male) |
| 3:30 | Queue | Villager (Male) |
| 3:30 | Queue | Villager (Male) |
| 4:01 | Queue | Villager (Male) |
| 4:01 | Queue | Villager (Male) |
| 4:43 | Build | Mill |
| 4:47 | Queue | Villager (Male) |
| 5:16 | Queue | Villager (Male) |
| 5:16 | Queue | Villager (Male) |
| 5:16 | Queue | Villager (Male) |
| 5:22 | Queue | Villager (Male) |
| 5:58 | Research | Feudal Age |
| 5:58 | Research | Feudal Age |
| 6:50 | Build | House |
| 7:09 | Research | Loom |
| 7:10 | Queue | Villager (Male) |
| 7:19 | Build | Barracks |
| 8:08 | Age | Feudal Age |
| 8:09 | Research | Double-Bit Axe |
| 8:16 | Build | Stable |
| 8:23 | Research | Double-Bit Axe |
| 8:24 | Research | Double-Bit Axe |
| 8:31 | Build | House |
| 8:35 | Build | Palisade Wall |
| 8:38 | Queue | Villager (Male) |
| 8:58 | Queue | Scout Cavalry |
| 8:58 | Queue | Scout Cavalry |
| 9:03 | Build | Mill |
| 9:06 | Build | House |
| 9:12 | Build | Palisade Wall |
| 9:14 | Queue | Villager (Male) |
| 9:16 | Queue | Villager (Male) |
| 9:32 | Queue | Villager (Male) |
| 9:33 | Queue | Villager (Male) |
| 10:14 | Queue | Villager (Male) |
| 10:29 | Queue | Scout Cavalry |
| 11:00 | Build | Archery Range |
| 11:02 | Build | House |
| 11:10 | Queue | Villager (Male) |
| 11:27 | Queue | Villager (Male) |
| 11:33 | Queue | Villager (Male) |
| 11:39 | Build | Palisade Gate |
| 11:42 | Build | Palisade Wall |
| 11:47 | Build | Farm |
| 11:47 | Build | Farm |
| 11:47 | Build | Farm |
| 11:48 | Build | Farm |
| 11:48 | Build | Farm |
| 11:48 | Build | Farm |
| 11:48 | Build | Farm |
| 11:49 | Build | Farm |
| 11:49 | Build | Farm |
| 11:50 | Queue | Villager (Male) |
| 11:57 | Build | House |
| 11:58 | Build | Palisade Wall |
| 12:26 | Queue | Archer |
| 12:33 | Queue | Villager (Male) |
| 12:44 | Build | Lumber Camp |
| 12:51 | Queue | Villager (Male) |
| 12:53 | Build | Farm |
| 13:00 | Queue | Skirmisher |
| 13:07 | Queue | Scout Cavalry |
| 13:23 | Queue | Villager (Male) |
| 13:32 | Build | House |
| 13:34 | Build | Palisade Wall |
| 13:45 | Queue | Skirmisher |
| 13:46 | Queue | Skirmisher |
| 13:54 | Build | Farm |
| 13:55 | Queue | Villager (Male) |
| 14:03 | Build | Farm |
| 14:07 | Queue | Scout Cavalry |
| 14:12 | Queue | Villager (Male) |
| 14:17 | Queue | Skirmisher |
| 14:38 | Build | Palisade Wall |
| 14:42 | Build | Palisade Gate |
| 14:55 | Build | House |
| 14:57 | Build | Palisade Wall |
| 14:59 | Build | Palisade Wall |
| 15:05 | Build | House |
| 15:09 | Build | House |
| 15:13 | Build | Palisade Gate |
| 15:18 | Queue | Villager (Male) |
| 15:23 | Research | Wheelbarrow |
| 15:46 | Queue | Scout Cavalry |
| 15:47 | Queue | Spearman |
| 15:47 | Queue | Spearman |
| 16:03 | Queue | Villager (Male) |
| 16:13 | Queue | Villager (Male) |
| 16:21 | Build | Farm |
| 16:21 | Build | Farm |
| 16:21 | Build | Farm |
| 16:22 | Build | Farm |
| 16:22 | Build | Farm |
| 16:22 | Build | Farm |
| 16:39 | Queue | Villager (Male) |
| 16:46 | Queue | Scout Cavalry |
| 16:46 | Queue | Scout Cavalry |
| 17:04 | Build | Blacksmith |
| 17:38 | Queue | Villager (Male) |
| 17:53 | Build | Mining Camp |
| 18:12 | Build | House |
| 18:30 | Queue | Villager (Male) |
| 18:33 | Build | House |
| 18:34 | Build | House |
| 18:46 | Build | Market |
| 19:04 | Queue | Villager (Male) |
| 19:04 | Queue | Villager (Male) |
| 19:12 | Queue | Villager (Male) |
| 19:17 | Research | Horse Collar |
| 19:20 | Build | Farm |
| 19:24 | Build | Palisade Gate |
| 19:25 | Build | Palisade Wall |
| 19:49 | Queue | Villager (Male) |
| 19:54 | Build | Farm |
| 19:55 | Build | Farm |
| 19:55 | Build | Farm |
| 19:55 | Build | Farm |
| 20:16 | Build | Palisade Wall |
| 20:34 | Queue | Scout Cavalry |
| 20:37 | Research | Castle Age |
| 20:40 | Build | Farm |
| 20:40 | Build | Farm |
| 20:57 | Build | Farm |
| 20:57 | Build | Farm |
| 20:59 | Build | Farm |
| 20:59 | Build | Farm |
| 21:11 | Queue | Scout Cavalry |
| 21:32 | Build | Palisade Wall |
| 21:34 | Build | Palisade Wall |
| 21:41 | Queue | Scout Cavalry |
| 21:54 | Research | Bloodlines |
| 22:03 | Build | Lumber Camp |
| 22:10 | Queue | Villager (Male) |
| 22:32 | Queue | Villager (Male) |
| 22:40 | Queue | Scout Cavalry |
Build order — Monkey King
First 150 of 315 actions detected
| 0:00 | Queue | Villager (Male) |
| 0:01 | Queue | Villager (Male) |
| 0:02 | Build | House |
| 0:03 | Build | House |
| 0:15 | Queue | Villager (Male) |
| 0:31 | Queue | Villager (Male) |
| 0:35 | Queue | Villager (Male) |
| 1:24 | Queue | Villager (Male) |
| 1:46 | Build | Lumber Camp |
| 1:52 | Queue | Villager (Male) |
| 1:52 | Queue | Villager (Male) |
| 2:09 | Queue | Villager (Male) |
| 2:09 | Queue | Villager (Male) |
| 2:43 | Queue | Villager (Male) |
| 3:10 | Queue | Villager (Male) |
| 3:40 | Build | House |
| 3:49 | Queue | Villager (Male) |
| 4:06 | Queue | Villager (Male) |
| 4:26 | Build | Mill |
| 4:43 | Queue | Villager (Male) |
| 4:43 | Queue | Villager (Male) |
| 5:06 | Queue | Villager (Male) |
| 5:33 | Queue | Villager (Male) |
| 5:54 | Queue | Villager (Male) |
| 5:54 | Queue | Villager (Male) |
| 6:18 | Research | Loom |
| 6:43 | Research | Feudal Age |
| 7:27 | Build | House |
| 7:32 | Build | Barracks |
| 8:00 | Queue | Villager (Male) |
| 8:39 | Build | House |
| 8:49 | Age | Feudal Age |
| 8:51 | Build | Stable |
| 8:53 | Queue | Spearman |
| 8:54 | Queue | Villager (Male) |
| 8:58 | Research | Double-Bit Axe |
| 9:16 | Queue | Villager (Male) |
| 9:30 | Build | Palisade Gate |
| 9:31 | Queue | Villager (Male) |
| 9:38 | Queue | Scout Cavalry |
| 9:45 | Queue | Villager (Male) |
| 9:48 | Build | Farm |
| 9:58 | Queue | Villager (Male) |
| 10:04 | Queue | Scout Cavalry |
| 10:15 | Build | Farm |
| 10:19 | Queue | Spearman |
| 10:21 | Queue | Villager (Male) |
| 10:38 | Build | House |
| 10:53 | Build | House |
| 10:57 | Queue | Villager (Male) |
| 11:04 | Queue | Villager (Male) |
| 11:19 | Build | Farm |
| 11:19 | Build | Farm |
| 11:19 | Build | Farm |
| 11:20 | Queue | Villager (Male) |
| 11:33 | Queue | Scout Cavalry |
| 11:37 | Build | House |
| 11:39 | Build | Palisade Wall |
| 11:49 | Build | Farm |
| 11:49 | Build | Farm |
| 12:03 | Build | Farm |
| 12:09 | Queue | Scout Cavalry |
| 12:11 | Queue | Villager (Male) |
| 12:13 | Build | House |
| 12:15 | Build | Palisade Wall |
| 12:30 | Queue | Scout Cavalry |
| 12:31 | Queue | Villager (Male) |
| 12:33 | Build | Farm |
| 12:39 | Build | Palisade Gate |
| 12:51 | Build | Farm |
| 12:52 | Queue | Villager (Male) |
| 12:59 | Build | Farm |
| 13:07 | Build | House |
| 13:08 | Build | Palisade Wall |
| 13:22 | Queue | Villager (Male) |
| 13:25 | Build | Farm |
| 13:34 | Build | House |
| 13:38 | Queue | Villager (Male) |
| 13:40 | Queue | Scout Cavalry |
| 13:59 | Build | Palisade Wall |
| 14:01 | Queue | Villager (Male) |
| 14:10 | Build | House |
| 14:11 | Queue | Villager (Male) |
| 14:17 | Build | Lumber Camp |
| 14:22 | Queue | Villager (Male) |
| 14:38 | Queue | Villager (Male) |
| 14:43 | Build | Mining Camp |
| 14:50 | Queue | Villager (Male) |
| 14:59 | Queue | Villager (Male) |
| 15:12 | Queue | Villager (Male) |
| 15:21 | Build | Archery Range |
| 15:27 | Queue | Villager (Male) |
| 15:31 | Build | House |
| 15:47 | Queue | Villager (Male) |
| 15:52 | Build | Farm |
| 16:01 | Queue | Villager (Male) |
| 16:06 | Build | Farm |
| 16:16 | Queue | Scout Cavalry |
| 16:19 | Queue | Villager (Male) |
| 16:29 | Build | Farm |
| 16:29 | Build | Farm |
| 16:29 | Build | Farm |
| 16:32 | Queue | Villager (Male) |
| 16:34 | Queue | Skirmisher |
| 16:43 | Queue | Villager (Male) |
| 16:53 | Build | Farm |
| 17:00 | Queue | Skirmisher |
| 17:05 | Queue | Villager (Male) |
| 17:08 | Build | Blacksmith |
| 17:22 | Queue | Skirmisher |
| 17:24 | Build | Farm |
| 17:34 | Queue | Villager (Male) |
| 17:37 | Build | Farm |
| 17:51 | Research | Fletching |
| 17:56 | Queue | Villager (Male) |
| 17:59 | Build | Farm |
| 18:06 | Queue | Skirmisher |
| 18:23 | Build | Palisade Wall |
| 18:31 | Queue | Spearman |
| 18:36 | Build | Palisade Wall |
| 18:39 | Queue | Skirmisher |
| 18:41 | Research | Padded Archer Armor |
| 19:18 | Queue | Villager (Male) |
| 19:18 | Queue | Villager (Male) |
| 19:40 | Queue | Villager (Male) |
| 19:50 | Build | Farm |
| 19:50 | Build | Farm |
| 20:04 | Build | Palisade Wall |
| 20:14 | Build | Farm |
| 20:31 | Build | Farm |
| 20:34 | Research | Castle Age |
| 20:52 | Queue | Villager (Male) |
| 20:59 | Build | Stable |
| 21:07 | Build | Farm |
| 21:16 | Research | Scale Barding Armor |
| 21:24 | Research | Horse Collar |
| 21:35 | Research | Gold Mining |
| 21:41 | Build | Farm |
| 21:43 | Build | Farm |
| 21:46 | Build | Farm |
| 22:05 | Research | Bloodlines |
| 22:11 | Build | Farm |
| 22:13 | Build | Farm |
| 22:41 | Research | Wheelbarrow |
| 22:59 | Age | Castle Age |
| 23:00 | Queue | Knight |
| 23:00 | Queue | Knight |
| 23:01 | Queue | Villager (Male) |
| 23:08 | Build | Town Center |
| 23:15 | Queue | Villager (Male) |
Match timeline
| 7:19 | HellionBlue · first_building Barracks |
| 7:32 | Monkey King · first_building Barracks |
| 8:08 | HellionBlue · age_up feudal |
| 8:16 | HellionBlue · first_building Stable |
| 8:35 | HellionBlue · wall_segment Palisade Wall x4 |
| 8:49 | Monkey King · age_up feudal |
| 8:51 | Monkey King · first_building Stable |
| 9:12 | HellionBlue · wall_segment Palisade Wall x4 |
| 11:00 | HellionBlue · first_building Archery Range |
| 11:39 | Monkey King · wall_segment Palisade Wall x3 |
| 11:42 | HellionBlue · wall_segment Palisade Wall x5 |
| 11:58 | HellionBlue · wall_segment Palisade Wall x4 |
| 12:15 | Monkey King · wall_segment Palisade Wall x9 |
| 13:08 | Monkey King · wall_segment Palisade Wall x14 |
| 13:34 | HellionBlue · wall_segment Palisade Wall x2 |
| 13:59 | Monkey King · wall_segment Palisade Wall x1 |
| 14:38 | HellionBlue · wall_segment Palisade Wall x6 |
| 14:57 | HellionBlue · wall_segment Palisade Wall x1 |
| 14:59 | HellionBlue · wall_segment Palisade Wall x1 |
| 15:21 | Monkey King · first_building Archery Range |
| 18:23 | Monkey King · wall_segment Palisade Wall x1 |
| 18:36 | Monkey King · wall_segment Palisade Wall x3 |
| 19:25 | HellionBlue · wall_segment Palisade Wall x4 |
| 20:04 | Monkey King · wall_segment Palisade Wall x3 |
| 20:16 | HellionBlue · wall_segment Palisade Wall x9 |
| 21:32 | HellionBlue · wall_segment Palisade Wall x1 |
| 21:34 | HellionBlue · wall_segment Palisade Wall x9 |
| 22:59 | Monkey King · age_up castle |
| 23:24 | HellionBlue · age_up castle |
| 24:19 | Monkey King · first_building Monastery |
| 25:41 | HellionBlue · first_building Monastery |
| 25:47 | HellionBlue · wall_segment Palisade Wall x6 |
| 26:23 | HellionBlue · wall_segment Palisade Wall x1 |
| 26:35 | HellionBlue · first_building Siege Workshop |
| 26:57 | HellionBlue · wall_segment Stone Wall x4 |
| 29:28 | HellionBlue · wall_segment Stone Wall x6 |
| 31:56 | HellionBlue · first_building Castle |
| 34:12 | HellionBlue · resign |
[ AI ANALYSIS · 1 CREDIT ]
What really happened in this match?
Wolo.gg analyzes every decision: build order, eco, micro, common mistakes by bracket. Personalized analysis on WhatsApp or Discord in 30 seconds.
Civ guide
Mongols
Perfil
Jugador #2698259